 Dungeon Crawl Stone Soup version 0.32-a0-35-gd9ff480 (webtiles) character file.

Game seed: 795824659689460478

113 Dorkslayer the Ruffian (level 4, -11/42 HPs)
             Began as an Octopode Shapeshifter on Jan 21, 2024.
             Mangled by Crazy Yiuf
             ... wielding a +4 quarterstaff of chaos
              (13 damage)
             ... on level 3 of the Dungeon.
             The game lasted 00:05:13 (2585 turns).

Dorkslayer the Ruffian (Octopode Shapeshifter)      Turns: 2585, Time: 00:05:13

Health: -11/42     AC:  1    Str: 15    XL:     4   Next: 96%
Magic:  4/4        EV:  8    Int: 12    God:
Gold:   239        SH: 10    Dex: 11    Spells: 3/3 levels left

rFire   . . .        e - +1 mace
rCold   . . .        k - +0 tower shield
rNeg    . . .        (helmet currently unavailable)
rPois   .            (no amulet)
rElec   .            (no ring)
rCorr   .            (no ring)
SInv    .            (no ring)
Will    .....        (no ring) Stlth
                     (no ring)
HPRegen 0.27/turn    (no ring)
MPRegen 0.09/turn    (no ring)
                     (no ring)

%: no passive effects
@: berserking, beast-form, very quick
A: beast (slay +2), almost no armour, amphibious, 8 rings, camouflage 1,
gelatinous body 1, (nimble swimmer 1), tentacles
a: Begin Untransformation


You were on level 3 of the Dungeon.
You were a hulking beast.
You visited 1 branch of the dungeon, and saw 3 of its levels.

You collected 239 gold pieces.

Inventory:

Hand Weapons
 e - a +1 mace (weapon)
Missiles
 n - an atropa-tipped dart (quivered)
Armour
 k - a +0 tower shield (worn)
Talismans
 b - a beast talisman
 c - a flux talisman
Scrolls
 d - a scroll of identify {unknown}
 f - a scroll of enchant weapon
 h - a scroll of immolation
 j - a scroll of poison {unknown}
Potions
 a - a potion of lignification
 g - 2 potions of curing {unknown}
 i - a potion of enlightenment {unknown}
 l - a potion of cancellation {unknown}
 m - a potion of heal wounds {unknown}


   Skills:
 * Level 1.5 Fighting
 + Level 1.2 Maces & Flails
 * Level 2.2 Dodging
 * Level 1.5 Stealth
 * Level 4.0 Unarmed Combat
 * Level 3.6 Shapeshifting


You had 3 spell levels left.
You didn't know any spells.
Your spell library contained the following spells:

 Spells                   Type           Power      Damage    Failure   Level
 Summon Small Mammal      Summ           0%         N/A       99%         1
 Call Canine Familiar     Summ           0%         N/A       100%        3
 Summon Blazeheart Golem  Fire/Summ      0%         N/A       100%        4


Dungeon Overview and Level Annotations

Branches:
Dungeon (3/15)

Altars:
Trog

Annotations:
D:3 Crazy Yiuf


Innate Abilities, Weirdness & Mutations

You are a hulking beast.
Your limbs bulge with bestial killing power. (Slay +2)
You cannot wear most types of armour.
You are amphibious.
You can wear up to eight rings at the same time.
Your skin changes colour to match your surroundings (Stealth+).
Your rubbery body absorbs attacks. (AC +1, EV +1)
((You are camouflaged when in or above water. (Stealth+)))
You have tentacles for arms and can constrict up to eight enemies at once.


Message History

Items here: )))).
You see here 4 stones.
You see here an adder skeleton.
There is a stone staircase leading up here.
You see here an adder skeleton.
You see here 4 stones.
You see here a +0 ring mail.
Crazy Yiuf shouts!
Okay, then.
Okay, then.
Okay, then.
You open the door.
Throw: 3 darts (atropa)
Press: ? - help, Q - select action Shift-Dir - straight line, f - Crazy Yiuf
Aim: Crazy Yiuf, wielding a +4 quarterstaff of chaos and wearing a +0 cloak (58% to hit, chance to blind on hit: 75%)
You throw an atropa-tipped dart.
The atropa-tipped dart barely misses Crazy Yiuf.
Throw: 2 darts (atropa)
Press: ? - help, Q - select action Shift-Dir - straight line, f/p - Crazy Yiuf
Aim: Crazy Yiuf, wielding a +4 quarterstaff of chaos and wearing a +0 cloak (58% to hit, chance to blind on hit: 75%)
You throw an atropa-tipped dart. The atropa-tipped dart hits Crazy Yiuf.
Crazy Yiuf resists.
Crazy Yiuf laughs, "Fluff toodlewoodle return to song!"
Crazy Yiuf barely misses you.
Crazy Yiuf sings, "Trees, trees, trees, circus!"
Crazy Yiuf hits you with a +4 quarterstaff of chaos!
Crazy Yiuf burns you.
You hit Crazy Yiuf. Your grab misses Crazy Yiuf.
Crazy Yiuf is lightly wounded.
Crazy Yiuf closely misses you.
Crazy Yiuf hits you with a +4 quarterstaff of chaos!
Ouch! That really hurt!
* * * LOW HITPOINT WARNING * * *
A red film seems to cover your vision as you go berserk!
You feel yourself moving faster!
You feel mighty!
You barely miss Crazy Yiuf. Your grab misses Crazy Yiuf.
You squeeze Crazy Yiuf!
Crazy Yiuf is heavily wounded.
Crazy Yiuf hits you with a +4 quarterstaff of chaos!
You die...

..###.#.# #######
...##.#>#########.....####
.........................#
#.......##################
##.......# #####<...#
#####....# ###** ########
......#.## #)..###
##......# #######.##
#(..gh####.P..)..# #..#
#...##..#......#.#####
####
###**###.#.......>....
#########.####. ###.## #.
###### ### ### ##....###.
.....# #.# #.####.........
####.######.#
#..........####
............# ######.###.#


You could see Crazy Yiuf.

Vanquished Creatures
  3 adders
  A ribbon worm (D:2)
  4 dart slugs
  4 orcs (D:3)
  6 ball pythons
  2 bats
  8 endoplasms
  4 giant cockroaches
  5 goblins
  3 hobgoblins
  8 jackals
  6 kobolds
  4 frilled lizards
  7 rats
65 creatures vanquished.

Vanquished Creatures (others)
  An arcanist (D:3)
1 creature vanquished.

Grand Total: 66 creatures vanquished

Notes
Turn   | Place    | Note
-------+----------+-------------------------------------------
     0 | D:1      | Dorkslayer the Octopode Shapeshifter began the quest for
                  | the Orb.
     0 | D:1      | Reached XP level 1. HP: 13/13 MP: 1/1
   145 | D:1      | Reached XP level 2. HP: 17/18 MP: 2/2
   417 | D:1      | Reached XP level 3. HP: 13/23 MP: 3/3
  1272 | D:2      | Found a faded altar of an unknown god.
  1329 | D:2      | Reached skill level 4 in Unarmed Combat
  1329 | D:2      | Reached XP level 4. HP: 28/28 MP: 4/4
  1575 | D:2      | Reached skill level 1 in Maces & Flails
  1756 | D:3      | Reached skill level 1 in Stealth
  1860 | D:3      | Found a runed translucent door.
  1863 | D:3      | Noticed Crazy Yiuf
  2290 | D:3      | Found a bloodstained altar of Trog.
  2292 | D:3      | Noticed a wizard
  2297 | D:3      | Killed a wizard
  2584 | D:3      | HP: 1/28 [Crazy Yiuf/+4 quarterstaff of chaos (16)]
  2585 | D:3      | Mangled by Crazy Yiuf

Illustrated notes

Levels and vault maps discovered:
D:1:      dpeg_arrival_signposts, layout_basic, amcnicky_mini_corridor_feature
D:2:      layout_basic, ebering_ecumenical_altar_rust
D:3:      layout_loops_ring, trog_wizard, eino_curves_03, eino_tiny_chamber,
          uniq_crazy_yiuf_cottage

Skill      XL: |  1  2  3  4 |
---------------+-------------+-----
Unarmed Combat | 4 |  4.0
Maces & Flails | 1 |  1.2
Stealth        | 1 |  1.5
Fighting       | |  1.5
Dodging        | |  2.2
Shapeshifting  | |  3.6

Action                     |  1- 3 |  4- 6 || total
---------------------------+-------+-------++-------
  Melee: Unarmed           |    26 |       ||    26
         Constrict         |    15 |    14 ||    29
         Tentacles         |    14 |     9 ||    23
         Mace              |    42 |    48 ||    90
         Punch             |       |     1 ||     1
  Throw: Dart              |       |     2 ||     2
    Use: Scroll            |       |     5 ||     5
   Stab: Sleeping          |     2 |     3 ||     5
 Armour: Skin              |    29 |    30 ||    59
  Dodge: Dodged            |    42 |    29 ||    71
  Block: Tower shield      |       |    11 ||    11

Table legend: (Time is in decaauts)
 A = Elapsed time spent in this place.
 B = Non-inter-level travel time spent in this place.
 C = Inter-level travel time spent in this place.
 D = Time resting spent in this place.
 E = Time spent auto-exploring this place.
 F = Levels seen in this place.
 G = Mean time per level.
                   A        B        C        D        E       F      G
               +--------+--------+--------+--------+--------+-----+--------+
         Total |   2621 |   2621 |      0 |      0 |   1651 |   3 |  873.7 |
       Dungeon |   2621 |   2621 |      0 |      0 |   1651 |   3 |  873.7 |
               +--------+--------+--------+--------+--------+-----+--------+

Top non-repeatable levels by time:
     D:1: 1179 daAuts
     D:3: 879 daAuts
     D:2: 562 daAuts
